 Dungeon Crawl Stone Soup version 0.32-a0-120-gfac0567ad4 (webtiles) character file.

Game seed: 4900424935248321350

9254 jasper the Skirmisher (level 11, -1/84 HPs)
             Began as a Barachi Artificer on Feb 6, 2024.
             Was an Elder of Okawaru.
             Killed from afar by an orc wizard (6 damage)
             ... with a magic dart
             ... on level 11 of the Dungeon.
             The game lasted 00:15:36 (10666 turns).

jasper the Skirmisher (Barachi Artificer)          Turns: 10666, Time: 00:15:37

Health: -1/84      AC: 18    Str: 14    XL:     11   Next: 43%
Magic:  13/13      EV: 11    Int: 11    God:    Okawaru [****..]
Gold:   1094       SH:  0    Dex: 17    Spells: 10/10 levels left

rFire   + + .        o - +2 arbalest (flame)
rCold   . . .        (shield currently unavailable)
rNeg    . . .        X - +2 fire dragon scales
rPois   .            H - +0 helmet
rElec   .            C - +0 cloak
rCorr   .            (no gloves)
SInv    .            R - +2 pair of boots {Fly}
Will    +....        W - amulet of regeneration Stlth
                     n - ring of protection from cold
HPRegen 1.14/turn    y - ring of willpower
MPRegen 0.13/turn

%: no passive effects
@: flying, slow
A: amphibious, slowness 1, strong legs 1, +LOS
a: Hop, Renounce Religion, Heroism, Finesse


You were on level 11 of the Dungeon.
You worshipped Okawaru.
Okawaru was greatly pleased with you.
You visited 1 branch of the dungeon, and saw 11 of its levels.
You also visited: Ossuary and Bailey.

You collected 2012 gold pieces.
You spent 918 gold pieces at shops.

Inventory:

Hand Weapons
 o - a +2 arbalest of flaming (weapon)
Missiles
 s - 16 poisoned darts
 F - a throwing net
Armour
 b - a +0 leather armour
 p - a +1 leather armour of poison resistance
 C - a +0 cloak (worn)
 H - a +0 helmet (worn)
 L - a +4 scale mail
 R - a +2 pair of boots of flying (worn)
 X - +2 fire dragon scales (worn)
Jewellery
 n - a ring of protection from cold (left hand)
 u - a ring of ice
 y - a ring of willpower (right hand)
 M - a ring of wizardry
 P - a ring of protection from fire
 V - a ring of flight
 W - an amulet of regeneration (around neck)
 Y - a +6 ring of intelligence
 Z - a ring of willpower
Talismans
 D - a serpent talisman
Wands
 c - a wand of flame (69)
 d - a wand of charming (15)
 e - a wand of iceblast (2)
 A - a wand of polymorph (11)
 S - a wand of roots (8)
 T - a wand of paralysis (6)
 U - a wand of light (1)
Scrolls
 w - 4 scrolls of blinking
 B - 2 scrolls of fear
 G - 6 scrolls of teleportation
 I - 2 scrolls of revelation
 N - a scroll of amnesia
Potions
 a - a potion of lignification {unknown}
 f - 2 potions of might
 h - 4 potions of curing
 j - 4 potions of degeneration
 k - a potion of haste
 l - 3 potions of brilliance
 m - 2 potions of cancellation {unknown}
 t - 3 potions of resistance {unknown}
 v - a potion of ambrosia {unknown}
 E - 2 potions of heal wounds {unknown}
 J - a potion of attraction {unknown}
 K - a potion of magic {unknown}
 O - 3 potions of mutation {unknown}
 Q - 3 potions of enlightenment


   Skills:
 - Level 7.0 Fighting
 + Level 13.7 Ranged Weapons
 - Level 7.2 Armour
 - Level 6.2 Dodging
 - Level 0.8 Stealth
 - Level 3.7 Invocations
 - Level 3.2 Evocations


You had 10 spell levels left.
You didn't know any spells.
Your spell library contained the following spells:

 Spells                   Type           Power      Damage    Failure   Level
 Kiss of Death            Conj/Necr      0%         2d5       86%         1
 Static Discharge         Conj/Air       0%         3-3/arc   94%         2
 Sublimation of Blood     Necr           0%         N/A       94%         2
 Confusing Touch          Hex            0%         N/A       99%         3
 Inner Flame              Hex/Fire       0%         N/A       99%         3
 Airstrike                Air            0%         2d(0-16)  100%        4
 Dispel Undead            Necr           0%         3d6       100%        4
 Flame Wave               Conj/Fire      0%         2d4       100%        4
 Petrify                  Alch/Erth      0%         N/A       100%        4
 Sticky Flame             Fire/Alch      0%         2d4       100%        4
 Irradiate                Conj/Alch      0%         3d11      100%        5
 Conjure Ball Lightning   Conj/Air       0%         3x3d6     100%        6
 Discord                  Hex            0%         N/A       100%        8
 Disjunction              Tloc           0%         N/A       100%        8
 Summon Lightning Spire   Summ/Air       Unusable   N/A       N/A         4

Dungeon Overview and Level Annotations

Branches:
Dungeon (11/15)            Temple (0/1) D:7            Lair (0/5) D:9
Ossuary (visited)          Bailey (visited)
    Orc: D:9-12

Altars:
Ashenzari
Cheibriados
Dithmenos
Elyvilon
Fedhas
Gozag
Hepliaklqana
Kikubaaqudgha
Makhleb
Okawaru
Qazlal
Vehumet
Xom
Yredelemnul
The Shining One

Shops:
D:3 *   D:5 ?


Innate Abilities, Weirdness & Mutations

You are amphibious.
You cover ground slowly.
You can hop short distances.
You have an extended range of vision and can be seen from far away.


Message History

Something hits you. The troll bites you! The troll claws you.
The troll claws you! Something hits you but does no damage.
The orc barely misses you. Something hits you but does no damage.
You take 21 damage, and have 30/84 hp.
MASSIVE DAMAGE!!
Fire: o) +2 arbalest (flame)
Press: ? - help, Q - select action, (/) - cycle Shift-Dir - straight line, f/p - troll
Aim: a troll (almost dead, 67% to hit)
You shoot a bolt. The bolt hits the troll.
The bolt burns the troll.
The troll is almost dead.
Something hits you but does no damage.
An orc wizard comes into view. It is wielding a +0 dagger.
The troll closely misses you. The troll claws you. x2
* * * LOW HITPOINT WARNING * * *
Something hits you but does no damage. The orc hits you with a +0 short sword.
* * * LOW HITPOINT WARNING * * *
Something hits you.
* * * LOW HITPOINT WARNING * * *
Fire: o) +2 arbalest (flame)
Press: ? - help, Q - select action, (/) - cycle Shift-Dir - straight line, f/p - troll
Aim: a troll (almost dead, 67% to hit)
You shoot a bolt. The bolt barely misses the troll.
The orc wizard shouts!
Something hits you.
* * * LOW HITPOINT WARNING * * *
You hear some strange, mumbled words.
A magic dart appears from out of thin air!
The magic dart hits you but does no damage.
The troll barely misses you. The troll claws you.
* * * LOW HITPOINT WARNING * * *
The troll barely misses you. The orc hits you but does no damage.
Something hits you but does no damage. The orc hits you but does no damage.
Something hits you but does no damage. The troll barely misses you.
The troll claws you!
* * * LOW HITPOINT WARNING * * *
The troll claws you.
* * * LOW HITPOINT WARNING * * *
You hear some strange, mumbled words.
A magic dart appears from out of thin air!
The magic dart hits you.
You die...

+. .........)
#.##.........
..#..........#
##.#..........#
...........##.#
..........##.#
.........##.#
#########.T..# #.#
.......o)@...# #.#
..).....o{...#####.####+##
...o....).....##.........#
...............#.........#
#)########...............#
#...............#
##..............#
#.......<.###.##
.........#..# .#


You could see a troll, an orc wizard and 2 orcs.

Vanquished Creatures
  Erolcha (D:11)
  A two-headed ogre (D:7)
  Maggie (D:10)
  Grinder (D:3)
  2 trolls
  A shadow (D:10)
  A wyvern (D:8)
  4 yaks (D:10)
  A wraith (D:10)
  Grum (D:9)
  4 vampire mosquitoes (D:10)
  A steam dragon (D:8)
  2 water moccasins
  An acid dragon (D:10)
  2 ice beasts
  3 sky beasts
  10 orc warriors
  4 wolves (D:9)
  2 centaurs
  2 ogres (D:5)
  3 phantoms
  3 elf zombies (Ossuary)
  A kobold brigand (D:9)
  A bullfrog (D:6)
  4 scorpions
  8 wights
  A burial acolyte (Ossuary)
  11 killer bees
  A howler monkey (D:9)
  2 bombardier beetles
  4 centaur zombies (Ossuary)
  2 hounds
  A jelly (D:5)
  7 orc priests
  A sleepcap (D:4)
  A spectral scorpion (Ossuary)
  Terence (D:3)
  2 iguanas
  8 orc wizards
  A crocodile zombie (Ossuary)
  2 hound zombies (Ossuary)
  3 mummies (Ossuary)
  3 gnolls
  6 adders
  A shadow imp (D:8)
  2 white imps
  2 ufetubi (D:7)
  5 adder zombies (Ossuary)
  2 ribbon worms
  6 dart slugs
  55 orcs
  8 ball pythons
  4 bats
  8 endoplasms
  4 giant cockroaches
  5 hobgoblins
  21 kobolds
  5 quokkas
  4 ball python zombies (Ossuary)
  3 frilled lizards (D:1)
  15 goblins
  A goblin zombie (D:4)
  4 jackal zombies (Ossuary)
  5 kobold zombies (Ossuary)
  2 orc zombies (Ossuary)
  A quokka zombie (D:4)
  4 rats
289 creatures vanquished.

Notes
Turn   | Place    | Note
-------+----------+-------------------------------------------
     0 | D:1      | jasper the Barachi Artificer began the quest for the Orb.
     0 | D:1      | Reached XP level 1. HP: 15/15 MP: 1/1
   100 | D:1      | Reached XP level 2. HP: 22/22 MP: 2/2
   523 | D:1      | Reached XP level 3. HP: 27/27 MP: 3/3
  1143 | D:2      | Reached XP level 4. HP: 28/34 MP: 4/4
  1699 | D:3      | HP: 1/35 [orc/+0 trident (5)]
  1978 | D:3      | Reached XP level 5. HP: 4/41 MP: 5/5
  2137 | D:3      | Noticed Terence
  2155 | D:3      | Killed Terence
  2201 | D:3      | Found a radiant altar of Vehumet.
  2528 | D:3      | Found a basalt altar of Yredelemnul.
  2541 | D:3      | Reached XP level 6. HP: 24/48 MP: 6/6
  2676 | D:3      | Noticed Grinder
  2686 | D:3      | Killed Grinder
  2687 | D:3      | Reached skill level 5 in Fighting
  2687 | D:3      | Reached skill level 5 in Armour
  2687 | D:3      | Reached XP level 7. HP: 49/56 MP: 7/7
  2730 | D:3      | Found a burning altar of Makhleb.
  2796 | D:3      | Found Anwedauts's General Store.
  2801 | D:3      | Bought a scroll of fear for 44 gold pieces
  2801 | D:3      | Bought a scroll of blinking for 82 gold pieces
  3082 | D:4      | Reached skill level 5 in Dodging
  3544 | D:4      | Found a sand-covered staircase.
  3551 | Ossuary  | Entered an ossuary
  3597 | Ossuary  | Reached XP level 8. HP: 31/64 MP: 8/8
  4322 | Ossuary  | Identified a scroll of acquirement
  4322 | Ossuary  | Acquired a +1 arbalest of flaming
  4435 | D:4      | Reached skill level 1 in Ranged Weapons
  4530 | D:4      | Found a white marble altar of Elyvilon.
  4538 | D:4      | Reached skill level 2 in Ranged Weapons
  4594 | D:5      | Entered Level 5 of the Dungeon
  4742 | D:5      | Found a broken altar of Ashenzari.
  4751 | D:5      | Reached skill level 3 in Ranged Weapons
  4879 | D:5      | Reached skill level 4 in Ranged Weapons
  4982 | D:5      | Reached XP level 9. HP: 72/72 MP: 9/9
  5182 | D:5      | Found an iron altar of Okawaru.
  5187 | D:5      | Reached skill level 5 in Ranged Weapons
  5189 | D:5      | Became a worshipper of Warmaster Okawaru
  5194 | D:5      | Found a shadowy altar of Dithmenos.
  5413 | D:5      | Found a snail-covered altar of Cheibriados.
  5413 | D:5      | Found a hazy altar of Hepliaklqana.
  5527 | D:5      | Found The Oracle's Delphic Readings.
  5877 | D:6      | Found a stormy altar of Qazlal.
  5883 | D:6      | Reached skill level 6 in Ranged Weapons
  6046 | D:6      | Found a shimmering altar of Xom.
  6052 | D:6      | Found a shimmering altar of Xom.
  6118 | D:6      | Reached skill level 7 in Ranged Weapons
  6442 | D:7      | Found a staircase to the Ecumenical Temple.
  6505 | D:7      | Noticed a two-headed ogre
  6875 | D:8      | Found a blossoming altar of Fedhas.
  6906 | D:8      | Found a flagged portal.
  6921 | Bailey   | Entered a bailey
  7037 | Bailey   | Reached skill level 8 in Ranged Weapons
  7046 | Bailey   | Reached * piety under Okawaru
  7067 | Bailey   | Reached skill level 9 in Ranged Weapons
  7361 | D:8      | Reached skill level 1 in Invocations
  7401 | D:8      | Found an ancient bone altar of Kikubaaqudgha.
  7497 | D:8      | Reached XP level 10. HP: 79/79 MP: 11/11
  8373 | D:3      | Bought +2 fire dragon scales for 792 gold pieces
  8483 | D:7      | Killed a two-headed ogre
  8483 | D:7      | Reached ** piety under Okawaru
  8484 | D:7      | Reached skill level 10 in Ranged Weapons
  8793 | D:7      | Found an opulent altar of Gozag.
  9108 | D:9      | Found a glowing golden altar of the Shining One.
  9119 | D:9      | Reached skill level 11 in Ranged Weapons
  9262 | D:9      | Found a staircase to the Lair.
  9491 | D:9      | Reached *** piety under Okawaru
  9502 | D:9      | Noticed Grum
  9509 | D:9      | Killed Grum
  9956 | D:10     | Entered Level 10 of the Dungeon
  9979 | D:10     | Reached skill level 12 in Ranged Weapons
 10021 | D:10     | Reached XP level 11. HP: 75/84 MP: 13/13
 10039 | D:10     | Noticed Maggie
 10048 | D:10     | Killed Maggie
 10194 | D:10     | Reached skill level 13 in Ranged Weapons
 10285 | D:10     | Reached **** piety under Okawaru
 10623 | D:11     | Noticed Erolcha
 10626 | D:11     | Killed Erolcha
 10666 | D:11     | Killed from afar by an orc wizard

Illustrated notes

Levels and vault maps discovered:
D:1:      dpeg_cavernosity, layout_basic, chequers_serial_rivers_micro_c
D:2:      layout_basic, kennysheep_generic_room_9
D:3:      layout_basic, nicolae_vehumet_radiance, mainiacjoe_overflow_alcove_4,
          mainiacjoe_overflow_surrounded_room, serial_shops,
          nicolae_shop_just_a_little_nook, uniq_terence, uniq_grinder
D:4:      minmay_chambers_of_twos, layout_cave_pools,
          nicolae_elyvilon_peaceful_grove, enter_ossuary_4
D:5:      layout_loops_ring, gammafunk_temple_overflow_pools,
          jmf_multi_god_temple2, cheibrodos_ashenzari_chains,
          nicolae_nh_oracle_at_delphi
D:6:      layout_loops_ring, old_standard_altar, xom_redecorated
D:7:      layout_loops_ring, grunt_gozag_breadcrumbs,
          minmay_temple_entry_drinking_statues, patterned_corridor
D:8:      layout_loops_ring, lemuel_round_altar, fedhas_altar_3, enter_bailey_3,
          kennysheep_nondescript, amcnicky_mini_pool_small
D:9:      layout_cave_pods, tso_altar, dpeg_oklobed_lair, eino_tiny_chamber,
          uniq_grum
D:10:     layout_loops_cross, uniq_maggie
D:11:     layout_basic, hiddenorc2_lemuel, lightli_church_of_beogh, uniq_erolcha

Skill      XL: |  1  2  3  4  5  6  7  8  9 10 11 |
---------------+----------------------------------+-----
Fighting       | 2 3 4 5 6 7 |  7.0
Armour         | 3 4 5 6 7 |  7.2
Dodging        | 2 3 4 5 6 |  6.2
Ranged Weapons | 4 9 12 13 | 13.7
Invocations    | 2 3 |  3.7
Stealth        | |  0.8
Evocations     | |  3.2

Action                     |  1- 3 |  4- 6 |  7- 9 | 10-12 || total
---------------------------+-------+-------+-------+-------++-------
  Melee: Dagger            |    93 |   117 |    58 |       ||   268
         Punch             |     4 |     5 |    13 |       ||    22
         Long sword        |       |       |   123 |       ||   123
   Fire: Arbalest          |       |       |   188 |   269 ||   457
 Invoke: Heroism           |       |       |       |     4 ||     4
Ability: Hop               |       |     1 |     2 |     2 ||     5
  Evoke: Wand              |       |     3 |       |       ||     3
    Use: Scroll            |       |     1 |     8 |     6 ||    15
         Potion            |       |     1 |       |       ||     1
   Stab: Sleeping          |     3 |     1 |       |       ||     4
 Armour: Leather armour    |    42 |    77 |   179 |       ||   298
         Scale mail        |       |       |    57 |    29 ||    86
         Fire dragon scale |       |       |       |   232 ||   232
  Dodge: Dodged            |    53 |    79 |   228 |   155 ||   515

Table legend: (Time is in decaauts)
 A = Elapsed time spent in this place.
 B = Non-inter-level travel time spent in this place.
 C = Inter-level travel time spent in this place.
 D = Time resting spent in this place.
 E = Time spent auto-exploring this place.
 F = Levels seen in this place.
 G = Mean time per level.
                   A        B        C        D        E       F      G
               +--------+--------+--------+--------+--------+-----+--------+
         Total |  12400 |  11655 |    745 |    737 |   8673 |  13 |  953.8 |
       Dungeon |  11067 |  10322 |    745 |    716 |   7821 |  11 | 1006.1 |
       Ossuary |    863 |    863 |      0 |      0 |    583 |   1 |  863.0 |
        Bailey |    469 |    469 |      0 |     21 |    267 |   1 |  469.0 |
               +--------+--------+--------+--------+--------+-----+--------+

Top non-repeatable levels by time:
     D:5: 1463 daAuts
     D:1: 1210 daAuts
     D:7: 1198 daAuts
     D:9: 1181 daAuts
     D:8: 1097 daAuts
     D:4: 1090 daAuts
     D:3: 1058 daAuts
     D:2: 1006 daAuts
     D:6: 891 daAuts
 Ossuary: 863 daAuts
    D:10: 798 daAuts
  Bailey: 469 daAuts
    D:11: 70 daAuts
